 Dungeon Crawl Stone Soup version 0.30.1-4-g462c640d31 (webtiles) character file.

Game seed: 11149665054093868009

536 ArcelyAbella the Sneak (level 7, -4/52 HPs)
             Began as a Human Brigand on Aug 11, 2023.
             Slain by an ice beast (7 damage)
             ... on level 7 of the Dungeon.
             The game lasted 00:07:21 (1769 turns).

ArcelyAbella the Sneak (Human Brigand)              Turns: 1769, Time: 00:07:22

Health: -4/52      AC: 17    Str: 10 (11) XL:     7   Next: 50%
Magic:  7/7        EV:  6    Int: 12 (13) God:
Gold:   53         SH:  0    Dex: 15      Spells: 6/6 levels left

rFire   . . .        a - +2 dagger
rCold   . . .        (no shield)
rNeg    . . .        k - +7 chain mail of the Dull Grue {Will+ rCorr}
rPois   .            (no helmet)
rElec   .            c - +0 cloak
rCorr   +            (no gloves)
SInv    .            (no boots)
Will    +....        (no amulet)
Stlth   +            (no ring)
HPRegen 0.28/turn    (no ring)
MPRegen 0.10/turn

%: no passive effects
@: no status effects
A: hooves 1
a: no special abilities


You were on level 7 of the Dungeon.
You visited 1 branch of the dungeon, and saw 7 of its levels.

You collected 53 gold pieces.

Inventory:

Hand Weapons
 a - a +2 dagger (weapon)
 g - a +3 sling
Missiles
 d - 3 poisoned darts (quivered)
 e - 2 curare-tipped darts
Armour
 b - a +0 robe
 c - a +0 cloak (worn)
 k - the +7 chain mail of the Dull Grue (worn) {Will+ rCorr}
   (You found it on level 2 of the Dungeon)

   rCorr:     It protects you from acid and corrosion.
   Will:      It increases your willpower.
Scrolls
 f - 2 scrolls of identify
 h - 2 scrolls of noise


   Skills:
 * Level 3.1 Fighting
 * Level 3.3 Short Blades
 * Level 1.1 Ranged Weapons
 * Level 3.2 Throwing
 * Level 2.7 Armour
 * Level 2.2 Dodging
 * Level 6.1 Stealth


You had 6 spell levels left.
You didn't know any spells.
Your spell library was empty.

Dungeon Overview and Level Annotations

Branches:
Dungeon (7/15)
 Temple: D:4-7

Altars:
Makhleb

Shops:
D:5 [


Innate Abilities, Weirdness & Mutations

You have large cloven feet.


Message History

Found a long jewelled staff.
Found two stone staircases leading down.
There is a stone staircase leading up here.
Unknown command.
An orc comes into view. It is wielding a +0 flail.
The orc shouts!
The ice beast hits you but does no damage.
The orc priest invokes the aid of Beogh against you.
Beogh smites you!
The ice beast hits you but does no damage.
The orc priest invokes the aid of Beogh against you.
Beogh smites you! The ice beast attacks as you move away!
The ice beast hits you but does no damage.
The orc attacks as you move away! The orc hits you with a +0 flail.
A phantom comes into view.
The orc attacks as you move away! The orc hits you but does no damage.
The orc priest begins to cast a cantrip, but forgets the words!
You hit the ice beast but do no damage. The ice beast hits you.
The ice beast freezes you.
You hit the ice beast but do no damage.
The ice beast hits you but does no damage.
You closely miss the ice beast. The ice beast barely misses you.
You hit the ice beast but do no damage. You hit the ice beast.
You kick the ice beast.
The ice beast is moderately wounded.
The ice beast hits you but does no damage.
The orc priest mumbles some strange prayers to Beogh against you.
Beogh smites you!
* * * LOW HITPOINT WARNING * * *
You hit the ice beast.
You kick the ice beast, but do no damage.
The ice beast is moderately wounded.
The ice beast barely misses you.
You hit the ice beast. You kick the ice beast.
The ice beast is heavily wounded.
The ice beast hits you.
* * * LOW HITPOINT WARNING * * *
The ice beast freezes you!
You die...

......
.....
.... ...
.. ##|# #
#..#
#.### #@#
.....##Y#
......#o#
......oo#
.....>..#
.>.....<#
........#
..o.....#
.......##


You could see an ice beast, an orc priest and 2 orcs.

Vanquished Creatures
  Sigmund (D:3)
  An ice beast (D:6)
  An ogre (D:5)
  A centaur (D:6)
  An iguana (D:5)
  3 adders
  A shadow imp (D:5)
  An ufetubus (D:5)
  A dart slug (D:3)
  5 orcs
  4 ball pythons
  3 endoplasms
  A giant cockroach (D:1)
  A goblin (D:2)
  A hobgoblin (D:4)
  5 jackals
  2 quokkas
  2 bats (D:1)
  2 frilled lizards (D:1)
  A kobold (D:2)
  A rat (D:2)
39 creatures vanquished.

Notes
Turn   | Place    | Note
-------+----------+-------------------------------------------
     0 | D:1      | ArcelyAbella the Human Brigand began the quest for the Orb.
     0 | D:1      | Reached XP level 1. HP: 16/16 MP: 1/1
   219 | D:1      | Reached XP level 2. HP: 6/22 MP: 2/2
   368 | D:2      | Identified the +7 chain mail of the Dull Grue {Will+ rCorr}
   432 | D:2      | Reached XP level 3. HP: 18/27 MP: 3/3
   480 | D:2      | You fall into a shaft and drop 1 floor!
   519 | D:3      | Found a burning altar of Makhleb.
   600 | D:3      | Noticed Sigmund
   608 | D:3      | Killed Sigmund
   609 | D:3      | Reached skill level 1 in Armour
   609 | D:3      | Reached skill level 5 in Stealth
   609 | D:3      | Reached XP level 4. HP: 24/34 MP: 4/4
   609 | D:3      | Reached XP level 5. HP: 27/39 MP: 5/5
   609 | D:3      | Reached XP level 6. HP: 32/46 MP: 6/6
   810 | D:5      | Entered Level 5 of the Dungeon
   976 | D:5      | Found Utie's Antique Armour Shop.
  1068 | D:5      | Noticed an ogre
  1101 | D:5      | Killed an ogre
  1102 | D:5      | Reached skill level 6 in Stealth
  1382 | D:6      | Noticed an ice beast
  1388 | D:6      | Gained mutation: You have large cloven feet. [potion of
                  | mutation]
  1421 | D:6      | Killed an ice beast
  1422 | D:6      | Reached XP level 7. HP: 6/52 MP: 7/7
  1549 | D:6      | Reached skill level 1 in Ranged Weapons
  1769 | D:7      | Slain by an ice beast

Illustrated notes

Levels and vault maps discovered:
D:1:      onia_arrival_mini_spirals, layout_basic
D:2:      layout_loops_ring, uniq_terence
D:3:      layout_basic, demons_altar, uniq_sigmund
D:4:      layout_loops_ring
D:5:      layout_gridville, serial_shops, nicolae_shop_stone
D:6:      layout_cave_pools, serial_shops, shop
D:7:      layout_rooms, mainiacjoe_overflow_tiny_flanked,
          minmay_temple_entry_slanted, minmay_crystal_room

Skill      XL: |  1  2  3  4  5  6  7 |
---------------+----------------------+-----
Armour         | 1 2 |  2.7
Stealth        | 5 6 |  6.1
Dodging        | 2 |  2.2
Short Blades   | 3 |  3.3
Fighting       | 3 |  3.1
Throwing       | 3 |  3.2
Ranged Weapons | 1 |  1.1

Action                     |  1- 3 |  4- 6 |  7- 9 || total
---------------------------+-------+-------+-------++-------
  Melee: Dagger            |    53 |   123 |    18 ||   194
         Kick              |       |    11 |     6 ||    17
         Punch             |       |     3 |       ||     3
  Throw: Dart              |     7 |    17 |     5 ||    29
    Use: Scroll            |       |     4 |     3 ||     7
         Potion            |       |     4 |       ||     4
   Stab: Sleeping          |     3 |       |       ||     3
 Armour: Robe              |     3 |       |       ||     3
         Chain mail        |    18 |    84 |    26 ||   128
  Dodge: Dodged            |    24 |    46 |    12 ||    82
